 Dungeon Sprint DCSS version 0.30-a0-857-gcaf70739d4 (webtiles) character file.

Game seed: 13262611541831748771

260 dialectric the Protected (level 6, -1/44 HPs)
             Began as a Gargoyle Fighter on Mar 5, 2023.
             Slain by a neqoxec (7 damage)
             ... in the Dungeon (Sprint II: "The Violet Keep of Menkaure").
             The game lasted 00:00:19 (42 turns).

dialectric the Protected (Gargoyle Fighter)           Turns: 42, Time: 00:00:19

Health: -1/44      AC: 12    Str: 21    XL:     6   Next: 17%
Magic:  6/6        EV: 10    Int:  9    God:
Gold:   0          SH:  0    Dex:  9    Spells: 5/5 levels left

rFire   . . .      SeeInvis .    a - +0 long sword
rCold   . . .      Faith    .    (no shield)
rNeg    + . .      Spirit   .    b - +0 scale mail
rPois   ∞          Reflect  .    (no helmet)
rElec   +          Rampage  .    (no cloak)
rCorr   .          NoTele   +    (no gloves)
Will    .....                    (no boots) Stlth
                                 (no amulet)
HPRegen 0.27/turn                (no ring)
MPRegen 0.10/turn                (no ring)

@: mighty, on berserk cooldown, slowed, very slow
A: sickness immunity, AC +4, negative energy resistance 1, electricity
resistance, torment resistance 1, petrification resistance
a: no special abilities


You were in the Dungeon.
You visited 1 branch

Inventory:

Hand Weapons
 a - a +0 long sword (weapon)
Armour
 b - a +0 scale mail (worn)
 c - a +0 buckler
Scrolls
 j - a scroll of blinking
Potions
 g - a potion of haste
 h - 2 potions of magic


   Skills:
 + Level 8.2 Fighting
 + Level 4.0 Long Blades
 + Level 8.4 Armour
 * Level 2.7 Dodging
 - Level 6.5 Shields


You had 5 spell levels left.
You didn't know any spells.
Your spell library was empty.

Dungeon Overview and Level Annotations

Branches:
Dungeon (1/1)

Altars:


Innate Abilities, Weirdness & Mutations

You are immune to sickness and miasma.
Your stone body is resilient. (AC +4)
You are immune to poison.
You resist negative energy. (rN+)
You are resistant to electric shocks. (rElec)
You are resistant to unholy torment.
You are immune to petrification.


Message History

You slash the neqoxec!
The neqoxec is heavily wounded.
The neqoxec closely misses you. The neqoxec completely misses you.
You slash the neqoxec!
The neqoxec is almost dead.
The neqoxec gestures at you.
You feel dopey. Something feeds on your intellect! The neqoxec hits you.
* * * LOW HITPOINT WARNING * * *
You slash the neqoxec!
You kill the neqoxec!
The neqoxec hits you.
* * * LOW HITPOINT WARNING * * *
You feel your intelligence returning.
Your Fighting skill gained 2 levels and is now at level 8!
Your Long Blades skill increases to level 4!
Your Armour skill gained 2 levels and is now at level 8!
Your Dodging skill gained 2 levels and is now at level 2!
You have reached level 6!
You feel better. The neqoxec closely misses you. The neqoxec misses you.
You closely miss the neqoxec. The neqoxec gestures at you.
Something tries to feed on your intellect!
The neqoxec hits you. x2
You barely miss the neqoxec. The neqoxec barely misses you.
You hit the neqoxec.
The neqoxec is lightly wounded.
The neqoxec hits you but does no damage.
The neqoxec hits you!
* * * LOW HITPOINT WARNING * * *
You slash the neqoxec!
The neqoxec is moderately wounded.
The neqoxec hits you.
* * * LOW HITPOINT WARNING * * *
The neqoxec hits you.
* * * LOW HITPOINT WARNING * * *
You hit the neqoxec.
The neqoxec is moderately wounded.
The neqoxec hits you!
You die...

#+#
##.##
+.<.+
##@##
#3#
.3.
.##..
##
###


You could see 2 neqoxecs.

Vanquished Creatures
  2 neqoxecs (D)
2 creatures vanquished.

Vanquished Creatures (others)
  Menkaure (D)
1 creature vanquished.

Grand Total: 3 creatures vanquished

Notes
Turn   | Place    | Note
-------+----------+-------------------------------------------
     0 | D        | dialectric the Gargoyle Fighter began the quest for the
                  | Orb.
     0 | D        | Reached XP level 1. HP: 14/14 MP: 1/1
     8 | D        | Noticed a neqoxec
     8 | D        | Noticed a neqoxec
     8 | D        | Noticed a neqoxec
     8 | D        | Noticed a neqoxec
    13 | D        | Killed a neqoxec
    14 | D        | Reached XP level 2. HP: 23/23 MP: 2/2
    14 | D        | Reached XP level 3. HP: 28/28 MP: 3/3
    14 | D        | Reached XP level 4. HP: 32/32 MP: 4/4
    14 | D        | Reached XP level 5. HP: 37/37 MP: 5/5
    28 | D        | Killed Menkaure
    36 | D        | Killed a neqoxec
    37 | D        | Reached XP level 6. HP: 7/44 MP: 6/6
    42 | D        | Slain by a neqoxec

Illustrated notes

Levels and vault maps discovered:
D:        the_violet_keep_of_menkaure [sprint2_stairs_cluster_1,
          sprint2_shoproom, sprint2_temple, sprint2_basic_supplies,
          sprint2_obstacle_3, sprint2_obstacle_2, sprint2_obstacle_5,
          sprint2_obstacle_1, sprint2_obstacle_7, sprint2_timed_cluster_1,
          sprint2_smallroom_cluster_1, sprint2_smallroom_final_cluster_1,
          sprint2_transparent_cluster_1, sprint2_second_timed_cluster_1,
          sprint2_sniper_area_1, sprint2_heavy_combat_area_1,
          sprint2_mutation_trap_area_1, sprint2_forest_area_1,
          sprint2_light_combat_area_1, sprint2_behind_water_1,
          sprint2_near_end_vault_1]

Skill      XL: |  1  2  3  4  5 |
---------------+----------------+-----
Fighting       | 6 8 |  8.2
Long Blades    | 3 4 |  4.0
Armour         | 6 8 |  8.4
Shields        | 6 |  6.5
Dodging        | 2 |  2.7

Action                     |  1- 3 |  4- 6 || total
---------------------------+-------+-------++-------
  Melee: Long sword        |     4 |    26 ||    30
    Use: Potion            |     1 |     3 ||     4
 Armour: Scale mail        |     1 |     7 ||     8
  Dodge: Dodged            |     1 |    10 ||    11

Table legend: (Time is in decaauts)
 A = Elapsed time spent in this place.
 B = Non-inter-level travel time spent in this place.
 C = Inter-level travel time spent in this place.
 D = Time resting spent in this place.
 E = Time spent auto-exploring this place.
 F = Levels seen in this place.
 G = Mean time per level.
                   A        B        C        D        E       F      G
               +--------+--------+--------+--------+--------+-----+--------+
         Total |     53 |     53 |      0 |      0 |      0 |   1 |   53.0 |
       Dungeon |     53 |     53 |      0 |      0 |      0 |   1 |   53.0 |
               +--------+--------+--------+--------+--------+-----+--------+

Top non-repeatable levels by time:
       D: 53 daAuts
